 Dungeon Crawl Stone Soup version 0.31-a0-1074-g0b22e4e0f1 (webtiles) character file.

Game seed: 7841485821992431952

32 lunkers the Ruffian (level 3, -7/28 HPs)
             Began as a Meteoran Shapeshifter on Nov 27, 2023.
             Mangled by an iguana (13 damage)
             ... on level 2 of the Dungeon.
             The game lasted 00:02:29 (421 turns).

lunkers the Ruffian (Meteoran Shapeshifter)          Turns: 421, Time: 00:02:30

Health: -7/28      AC:  2    Str: 16    XL:     3   Next: 64%
Magic:  4/4        EV: 12    Int: 17    God:
Gold:   33         SH:  0    Dex: 15    Spells: 2/2 levels left

rFire   . .          .
                       - Unarmed
rCold   . . .        (no shield)
rNeg    . . .        a - +0 animal skin
rPois   .            (helmet currently unavailable)
rElec   .            (cloak currently unavailable)
rCorr   .            (gloves currently unavailable)
SInv    .            (boots currently unavailable)
Will    .....        (no amulet)
Stlth   +            h - +6 ring of intelligence
HPRegen 0.24/turn    i - ring of wizardry
MPRegen 0.09/turn

%: wizardry (x1)
@: beast-form, glowing
A: beast (slay +2), sense surroundings 1, otherworldly, glowing, explore regen
a: Begin Untransformation


You were on level 2 of the Dungeon.
You were a hulking beast.
You visited 1 branch of the dungeon, and saw 2 of its levels.

You collected 33 gold pieces.

Inventory:

Armour
 a - a +0 animal skin (worn)
Jewellery
 h - a +6 ring of intelligence (left hand)
 i - a ring of wizardry (right hand)
Talismans
 c - a beast talisman
 d - a flux talisman
Scrolls
 f - 4 scrolls of identify {unknown}
 g - a scroll of blinking {unknown}
Potions
 b - a potion of lignification
 e - a potion of curing {unknown}


   Skills:
 - Level 1.1 Fighting
 - Level 2.1 Dodging
 * Level 4.7 Unarmed Combat
 + Level 4.1 Shapeshifting


You had 2 spell levels left.
You didn't know any spells.
Your spell library was empty.

Dungeon Overview and Level Annotations

Branches:
Dungeon (2/15) Zot: 785

Altars:


Innate Abilities, Weirdness & Mutations

You are a hulking beast.
Your limbs bulge with bestial killing power. (Slay +2)
You passively map a small area around you.
You are easily found by Zot.
You glow in the dark.
You regain HP and MP as you explore.


Message History

No target in view!
No target in view!
A hobgoblin comes into view.
The hobgoblin shouts!
You hear an angry hiss.
A ball python comes into view.
There are monsters nearby!
Found a stone staircase leading down.
The ball python hisses angrily.
The hobgoblin completely misses you.
You hit the hobgoblin.
The hobgoblin is severely wounded.
The hobgoblin hits you.
You hit the hobgoblin.
You kill the hobgoblin!
The ball python closely misses you. The ball python misses you.
You hit the ball python.
You kill the ball python!
An iguana comes into view.
The iguana hisses angrily.
You hit the iguana but do no damage. The iguana barely misses you.
You hit the iguana but do no damage. The iguana closely misses you.
You closely miss the iguana. You closely miss the iguana. The iguana bites you.
You hit the iguana but do no damage. You punch the iguana, but do no damage.
The iguana bites you!
* * * LOW HITPOINT WARNING * * *
You barely miss the iguana.
The iguana bites you but does no damage.
Unknown command.
You hit the iguana but do no damage. The iguana bites you.
* * * LOW HITPOINT WARNING * * *
You barely miss the iguana. The iguana closely misses you.
Unknown command.
You barely miss the iguana. The iguana barely misses you.
You hit the iguana but do no damage. The iguana bites you!
* * * LOW HITPOINT WARNING * * *
You punch the iguana!
The iguana is heavily wounded.
The iguana bites you!
You die...

............##.......
...#........##....... *,
.##......#.###......, ,
, ....................
...............#### # ,
................#####.#*
,
###...#...............#.
..###.##.###.......... *
### #..### #..h....... ,
, , .. # #...l...... *
#* , #.......... *
#.###...... , , #.#
...... * ..., ...... , *
... ..... * , ... .....
, ,,, , ,


You could see an iguana.

Vanquished Creatures
  A dart slug (D:1)
  2 endoplasms (D:1)
  A giant cockroach (D:1)
  3 goblins
  2 hobgoblins
  2 jackals (D:2)
  A kobold (D:1)
  2 quokkas (D:1)
  6 ball pythons
  3 bats
  2 frilled lizards (D:1)
  3 rats (D:1)
28 creatures vanquished.

Notes
Turn   | Place    | Note
-------+----------+-------------------------------------------
     0 | D:1      | lunkers the Meteoran Shapeshifter began the quest for the
                  | Orb.
     0 | D:1      | Reached XP level 1. HP: 16/16 MP: 2/2
    73 | D:1      | Reached XP level 2. HP: 11/23 MP: 3/3
   226 | D:1      | Reached XP level 3. HP: 18/28 MP: 4/4
   421 | D:2      | Mangled by an iguana

Illustrated notes

Levels and vault maps discovered:
D:1:      lightli_arrival_quake, layout_basic,
          amcnicky_mini_rare_corridor_liquid, palyth_stone_intersect
D:2:      layout_rooms, serial_bayou_pond_d

Skill      XL: |  1  2 |
---------------+-------+-----
Unarmed Combat | 4 |  4.7
Shapeshifting  | 4 |  4.1
Fighting       | |  1.1
Dodging        | |  2.1

Action                     || total
---------------------------++-------
  Melee: Unarmed           ||    80
         Punch             ||     4
 Armour: Animal skin       ||    42
  Dodge: Dodged            ||    44

Table legend: (Time is in decaauts)
 A = Elapsed time spent in this place.
 B = Non-inter-level travel time spent in this place.
 C = Inter-level travel time spent in this place.
 D = Time resting spent in this place.
 E = Time spent auto-exploring this place.
 F = Levels seen in this place.
 G = Mean time per level.
                   A        B        C        D        E       F      G
               +--------+--------+--------+--------+--------+-----+--------+
         Total |    413 |    391 |     22 |      0 |    237 |   2 |  206.5 |
       Dungeon |    413 |    391 |     22 |      0 |    237 |   2 |  206.5 |
               +--------+--------+--------+--------+--------+-----+--------+

Top non-repeatable levels by time:
     D:1: 347 daAuts
     D:2: 66 daAuts
